 Dungeon Crawl Stone Soup version 0.30.0-29-ga12c61a403 (webtiles) character file.

Game seed: 1467025407482622173

6 monsoonserge the Vexing (level 1, -2/10 HPs)
             Began as a Vampire Enchanter on June 13, 2023.
             Slain by a goblin
             ... wielding a +0 club
              (3 damage)
             ... on level 1 of the Dungeon.
             The game lasted 00:00:34 (275 turns).

monsoonserge the Vexing (Vampire Enchanter)          Turns: 275, Time: 00:00:35

Health: -2/10      AC:  3    Str:  7    XL:     1   Next: 75%
Magic:  3/3        EV: 11    Int: 17    God:
Gold:   9          SH:  0    Dex: 14    Spells: 4/4 levels left

rFire   . . .        a - +1 dagger
rCold   + + .        (no shield)
rNeg    + + +        d - +0 leather armour
rPois   ∞            (no helmet)
rElec   .            (no cloak)
rCorr   .            (no gloves)
SInv    +            (no boots)
Will    .....        (no amulet)
Stlth   +++++        (no ring)
HPRegen 0.00/turn    (no ring)
MPRegen 0.08/turn

%: no passive effects
@: bloodless, inhibited regen
A: bloodless, fangs 3, see invisible, vampiric 1
a: Revivify


You were on level 1 of the Dungeon.
You visited 1 branch of the dungeon, and saw 1 of its levels.

You collected 9 gold pieces.

Inventory:

Hand Weapons
 a - a +1 dagger (weapon)
Armour
 b - a +0 robe
 d - a +0 leather armour (worn)
Scrolls
 e - a scroll of identify {unknown}
 g - a scroll of acquirement {unknown}
 h - a scroll of teleportation {unknown}
Potions
 c - 2 potions of invisibility
 f - a potion of cancellation {unknown}


   Skills:
 + Level 1.1 Short Blades
 * Level 0.2 Armour
 + Level 2.2 Dodging
 + Level 4.6 Stealth
 + Level 2.0 Spellcasting
 + Level 4.6 Hexes


You had 4 spell levels left.
You didn't know any spells.
Your spell library contained the following spells:

 Spells                   Type           Power      Damage    Failure   Level
 Confusing Touch          Hex            17%        N/A       12%         3
 Tukima's Dance           Hex            17%        N/A       12%         3
 Ensorcelled Hibernation  Hex/Ice        18%        N/A       16%         2
 Dazzling Flash           Conj/Hex       18%        N/A       32%         3


Dungeon Overview and Level Annotations

Branches:
Dungeon (1/15)

Altars:


Innate Abilities, Weirdness & Mutations

You do not regenerate when monsters are visible.
You are frail without blood (-20% HP).
You can heal yourself when you bite living creatures.
You are immune to poison.
You have razor-sharp teeth.
You have supernaturally acute eyesight. (SInv)
You are afflicted with vampirism.


Message History

Found a dagger.
g - a scroll labelled KAENWYCKUCW
There are no items here.
A goblin comes into view. It is wielding a +0 dagger.
The goblin shouts!
Found a scroll labelled COGUYKHLOMM.
You see here 6 gold pieces.
You now have 6 gold pieces.
The goblin hits you with a +0 dagger.
You hit the goblin. You bite the goblin.
You kill the goblin!
Things that are here:
a +0 dagger; a goblin corpse
h - a scroll labelled COGUYKHLOMM
There are no items here.
Things that are here:
a +0 dagger; a goblin corpse You now have 9 gold pieces (gained 3).
You see here a +0 dagger.
Found a stone staircase leading down.
Found a scroll labelled HUABLE JOTH.
A kobold comes into view. It is wielding a +0 club.
Found a scroll labelled FESEUGOJAGG.
A goblin comes into view. It is wielding a +0 club.
The kobold shouts!
The goblin shouts!
The kobold hits you with a +0 club.
You closely miss the kobold. The kobold closely misses you.
The goblin hits you with a +0 club.
You closely miss the kobold. The kobold misses you.
The goblin hits you with a +0 club.
* * * LOW HITPOINT WARNING * * *
You closely miss the kobold. Your bite misses the kobold.
The kobold hits you with a +0 club.
* * * LOW HITPOINT WARNING * * *
The goblin hits you but does no damage.
You don't know any spells.
Unknown command.
You hit the kobold.
You kill the kobold!
The goblin hits you with a +0 club.
You die...

#.#.#
###+##...#
#........#
#.....>..#
#........#
#........#
#........#
######........#
.......@?.....#
.......g).....#
........?.....#
........#######
........#
........#
......###
######


You could see a goblin.

Vanquished Creatures
  3 goblins (D:1)
  A quokka (D:1)
  A kobold (D:1)
  A rat (D:1)
6 creatures vanquished.

Notes
Turn   | Place    | Note
-------+----------+-------------------------------------------
     0 | D:1      | monsoonserge the Vampire Enchanter began the quest for the
                  | Orb.
     0 | D:1      | Reached XP level 1. HP: 13/13 MP: 3/3
   275 | D:1      | Slain by a goblin

Illustrated notes

Levels and vault maps discovered:
D:1:      nagdon_arrival_double_spiral, layout_basic

Action                     || total
---------------------------++-------
  Melee: Dagger            ||     9
         Bite              ||     1
Ability: Exsanguinate      ||     1
   Stab: Sleeping          ||     1
 Armour: Leather armour    ||     2
  Dodge: Dodged            ||     4
